 Dungeon Crawl Stone Soup version 0.25.0-46-gbd7b0854d2 (webtiles) character file.

Game seed: 12581347148414001871

4948 KleinerIrrer the Basher (level 10, -3/102 HPs)
             Began as an Ogre Arcane Marksman on July 14, 2020.
             Was an Elder of the Shining One.
             Slain by a hornet (14 damage)
             ... on level 7 of the Dungeon.
             The game lasted 00:23:55 (11766 turns).

KleinerIrrer the Basher (Ogre Arcane Marksman)     Turns: 11766, Time: 00:23:56

Health: -3/102     AC:  8    Str: 19    XL:     10   Next: 52%
Magic:  12/12      EV: 13    Int: 14    God:    the Shining One [****..]
Gold:   328        SH:  7    Dex:  9    Spells: 10/11 levels left

rFire    . . .     SeeInvis .   A - +0 giant spiked club
rCold    . . .     Gourm    .   (shield currently unavailable)
rNeg     + + .     Faith    .   t - +0 swamp dragon scales (curse)
rPois    +         Spirit   .   (helmet restricted)
rElec    .         Reflect  .   x - scarf {repulsion}
rCorr    .         Harm     .   (gloves unavailable)
MR       +....                  (boots unavailable)
Stlth    +.........             o - amulet of the acrobat
HPRegen  0.27/turn              l - ring of poison resistance
MPRegen  0.13/turn              y - +4 ring of evasion

@: divine shield, about to teleport, glowing, studying Transmutations, repel
missiles
A: large, unfitting armour, tough skin 1
a: Divine Shield, Cleansing Flame, Renounce Religion


You were on level 7 of the Dungeon.
You worshipped the Shining One.
The Shining One was greatly pleased with you.
You were not hungry.

You visited 2 branches of the dungeon, and saw 9 of its levels.
You also visited: Ossuary.

You collected 496 gold pieces.
You spent 168 gold pieces at shops.

Inventory:

Hand Weapons
 j - a +1 mace of protection
 A - a +0 giant spiked club (weapon)
Missiles
 d - 7 throwing nets
 g - 259 stones
 F - 2 large rocks (quivered)
Armour
 a - a +0 robe
 t - cursed +0 swamp dragon scales (worn)
 x - a scarf of repulsion (worn)
Jewellery
 l - a ring of poison resistance (left hand)
 o - an amulet of the acrobat (around neck)
 y - a +4 ring of evasion (right hand)
Wands
 c - a wand of random effects (10)
 h - a wand of iceblast (6)
 B - a wand of paralysis (9)
 C - a wand of disintegration (10)
Scrolls
 e - a scroll of amnesia
 i - 2 scrolls of remove curse
 m - 2 scrolls of teleportation
 p - 2 scrolls of magic mapping
 r - a scroll of enchant armour
 s - a scroll of blinking {unknown}
 z - a scroll of fear
 E - 2 scrolls of random uselessness {unknown}
 H - a scroll of identify
Potions
 b - 9 potions of curing
 k - 4 potions of resistance
 n - a potion of cancellation
 q - a potion of heal wounds
 u - 5 potions of flight
 v - 2 potions of mutation
 w - 2 potions of brilliance
 G - 2 potions of stabbing {unknown}
 I - a potion of magic {unknown}
Books
 D - a manual of Transmutations
Comestibles
 f - 17 rations
 J - a chunk of flesh


   Skills:
 + Level 7.3 Fighting
 * Level 11.3 Maces & Flails
 - Level 4.5 Throwing
 + Level 1.3 Armour
 + Level 2.8 Dodging
 - Level 1.3 Stealth
 - Level 1.2 Spellcasting
 - Level 2.6 Hexes
 * Level 3.0 Invocations


You had 10 spell levels left.
You knew the following spells:

 Your Spells              Type           Power        Failure   Level  Hunger
a - Corona                Hex            #......      16%         1    ##.....

Your spell library contained the following spells:

 Spells                   Type           Power        Failure   Level  Hunger
 Slow                     Hex            #.......     22%         2    ###....
 Shock                    Conj/Air       #...         41%         1    ##.....
 Summon Small Mammal      Summ           #...         41%         1    ##.....
 Call Imp                 Summ           #.......     56%         2    ###....
 Swiftness                Chrm/Air       #.......     56%         2    ###....
 Inner Flame              Hex/Fire       #.......     61%         3    ####...
 Portal Projectile        Hex/Tloc       #.....       61%         3    ####...
 Summon Guardian Golem    Hex/Summ       #.......     61%         3    ####...
 Call Canine Familiar     Summ           #.......     80%         3    ####...
 Static Discharge         Conj/Air       #.......     80%         3    ####...
 Cause Fear               Hex            #.........   83%         4    #####..
 Leda's Liquefaction      Hex/Erth       #.........   95%         4    #####..
 Airstrike                Air            #.........   99%         4    #####..
 Summon Ice Beast         Ice/Summ       #.......     99%         4    #####..
 Summon Lightning Spire   Summ/Air       #.......     99%         4    #####..
 Lightning Bolt           Conj/Air       #.........   100%        5    ######.


Dungeon Overview and Level Annotations

Branches:
Dungeon (8/15)             Temple (1/1) D:5            Lair (0/6) D:8
Ossuary (visited)

Altars:
Ashenzari
Cheibriados
Dithmenos
Elyvilon
Fedhas
Hepliaklqana
Kikubaaqudgha
Makhleb
Nemelex Xobeh
Okawaru
Qazlal
Sif Muna
Trog
Uskayaw
Vehumet
Wu Jian
Xom
Yredelemnul
Zin
The Shining One

Shops:
D:4 [   D:6 [   D:7 (

Annotations:
D:3 1 runed translucent door
D:6 exclusions: 2 electric eels and 3 more exclusions


Innate Abilities, Weirdness & Mutations

You are too large for most types of armour.
You have tough skin. (AC +1)


Message History

You feel sick.
You feel sick. The hornet completely misses you.
You feel sick.
The centaur shoots an arrow.
You block the arrow. The wolf closely misses you.
There is a stone staircase leading up here.
You see here an arrow.
You feel sick. The hornet stings you.
* * * LOW HITPOINT WARNING * * *
The wolf closely misses you. The wolf bites you but does no damage.
The hornet closely misses you.
You climb upwards.
You feel sick.
There is a stone staircase leading down here.
You feel better. The wolf bites you!
* * * LOW HITPOINT WARNING * * *
The wolf bites you but does no damage. The wolf barely misses you. x2
The hornet stings you but does no damage.
As you read the scroll of teleportation, it crumbles to dust.
You feel strangely unstable. You block the wolf's attack.
The wolf bites you but does no damage. The hornet stings you!
You die...

####.....###'###...(......
#.....##...##........##
#.....##...########....
#.....##...# #....
#####.#.####...# #....
#..........#...# #....
####...........# #....
#.....y.h...# #....
#......@h...# #....
#...........# #....
#####'#.#...# ##...
#.......#########...
#.#.#...............
####.#.............#.
#....#.....#.#####.#.
#.####....('.# #.#. #.#
##...(### #.#.


You could see a hornet and 2 wolves.

Vanquished Creatures
  Pikel (D:7)
  Joseph (D:7)
  Maggie (D:7)
  2 trolls
  Sigmund (D:5)
  A hungry ghost (D:7)
  An orc warrior (D:7)
  3 black bears
  3 ice beasts
  A necrophage (D:8)
  3 sky beasts
  An ogre (D:5)
  4 centaurs
  Blork the orc (D:4)
  An elf zombie (Ossuary)
  A bullfrog (D:7)
  A gnoll sergeant (D:6)
  A wyvern zombie (D:8)
  2 scorpions
  3 wights (D:7)
  A howler monkey (D:3)
  4 centaur zombies (Ossuary)
  2 crimson imps
  7 hounds
  A gnoll shaman (D:6)
  2 jellies
  An orc priest (D:5)
  2 centaur skeletons
  An orc wizard (D:4)
  Ijyb (D:3)
  2 worker ants (D:4)
  A big kobold zombie (Ossuary)
  A hound skeleton (D:8)
  2 mummies (Ossuary)
  24 gnolls
  8 adders
  An adder zombie (Ossuary)
  An ooze (D:1)
  An adder skeleton (D:4)
  A worm (D:6)
  4 dart slugs
  4 leopard geckos
  17 orcs
  8 giant cockroaches
  11 goblins
  8 hobgoblins
  17 jackals
  5 quokkas
  3 ball pythons
  7 bats
  5 frilled lizards
  3 goblin zombies
  8 hobgoblin zombies (Ossuary)
  A jackal skeleton (D:6)
  6 kobolds
  12 kobold zombies (Ossuary)
  A leopard gecko skeleton (D:3)
  A leopard gecko zombie (D:8)
  8 orc zombies (Ossuary)
  2 quokka skeletons
  2 quokka zombies
  12 rats
242 creatures vanquished.

Vanquished Creatures (others)
  A jackal (D:3)
1 creature vanquished.

Grand Total: 243 creatures vanquished

Notes
Turn   | Place    | Note
-------+----------+-------------------------------------------
     0 | D:1      | KleinerIrrer the Ogre Arcane Marksman began the quest for
                  | the Orb.
     0 | D:1      | Reached XP level 1. HP: 19/19 MP: 2/2
   251 | D:1      | Reached XP level 2. HP: 24/27 MP: 3/3
   934 | D:1      | Reached XP level 3. HP: 34/35 MP: 4/4
   976 | D:1      | Reached skill level 1 in Maces & Flails
  1459 | D:2      | Reached XP level 4. HP: 37/42 MP: 5/5
  1519 | D:2      | Reached skill level 2 in Maces & Flails
  1967 | D:2      | Found a burning altar of Makhleb.
  2090 | D:2      | Found an iron altar of Okawaru.
  2090 | D:2      | Found a bloodstained altar of Trog.
  2283 | D:3      | Reached XP level 5. HP: 44/50 MP: 6/6
  2289 | D:3      | Reached skill level 3 in Maces & Flails
  2425 | D:3      | Found a runed translucent door.
  2481 | D:3      | Found a glowing silver altar of Zin.
  2481 | D:3      | Noticed an angel
  2515 | D:3      | Noticed Ijyb
  2547 | D:3      | Killed Ijyb
  2982 | D:3      | Found an ancient bone altar of Kikubaaqudgha.
  3159 | D:3      | Reached XP level 6. HP: 54/61 MP: 7/7
  3225 | D:3      | Found a shimmering blue altar of Sif Muna.
  3225 | D:3      | Found a faded altar of an unknown god.
  3228 | D:3      | Found a basalt altar of Yredelemnul.
  3388 | D:3      | Found a stormy altar of Qazlal.
  3471 | D:4      | Reached skill level 4 in Maces & Flails
  3652 | D:4      | Noticed Blork the orc
  3665 | D:4      | Killed Blork the orc
  3940 | D:4      | Reached skill level 5 in Maces & Flails
  4464 | D:4      | Found Tiotiwn's Armour Boutique.
  4467 | D:4      | Bought a scarf of repulsion for 168 gold pieces
  4498 | D:4      | Reached XP level 7. HP: 67/67 MP: 8/8
  4853 | D:5      | Entered Level 5 of the Dungeon
  4881 | D:5      | Noticed Sigmund
  5253 | D:5      | Killed Sigmund
  5253 | D:5      | Reached skill level 6 in Maces & Flails
  5833 | D:5      | Reached XP level 8. HP: 58/79 MP: 9/9
  6460 | D:5      | Found a staircase to the Ecumenical Temple.
  6468 | Temple   | Entered the Ecumenical Temple
  6513 | Temple   | Became a worshipper of the Shining One
  6801 | D:5      | Reached skill level 7 in Maces & Flails
  7107 | D:6      | Reached skill level 1 in Stealth
  7294 | D:6      | Found Micuwnut's Armour Boutique.
  7815 | D:6      | Reached skill level 5 in Fighting
  7822 | D:6      | Reached skill level 8 in Maces & Flails
  8183 | D:6      | Reached XP level 9. HP: 59/88 MP: 10/10
  9601 | D:7      | Reached skill level 9 in Maces & Flails
  9875 | D:7      | Reached * piety under the Shining One
  9885 | D:7      | Noticed Maggie
  9892 | D:7      | Killed Maggie
  9892 | D:7      | Reached skill level 1 in Invocations
 10018 | D:7      | Found Rihinkoy's Antique Weapon Shoppe.
 10153 | D:7      | Noticed a troll
 10159 | D:7      | Killed a troll
 10258 | D:7      | Reached skill level 10 in Maces & Flails
 10443 | D:7      | Noticed Joseph
 10460 | D:7      | Killed Joseph
 10460 | D:7      | Reached XP level 10. HP: 68/100 MP: 11/11
 10605 | D:7      | Noticed Pikel
 10607 | D:7      | Killed Pikel
 10607 | D:7      | Reached skill level 1 in Armour
 11221 | D:8      | Found a sand-covered staircase.
 11236 | Ossuary  | Entered an ossuary
 11243 | Ossuary  | Reached ** piety under the Shining One
 11300 | Ossuary  | Reached *** piety under the Shining One
 11350 | Ossuary  | Reached skill level 11 in Maces & Flails
 11357 | Ossuary  | Reached **** piety under the Shining One
 11766 | D:7      | Slain by a hornet

Illustrated notes

Levels and vault maps discovered:
D:1:      minmay_arrival_wavy_path, layout_basic
D:2:      layout_rooms, gammafunk_temple_overflow_elements,
          nicolae_overflow_crystal_walls, mrwooster_statue_mirror, uniq_terence
D:3:      layout_rooms, nicolae_overflow_hidden_temple,
          nicolae_qazlal_eye_of_the_storm, lemuel_doored_altar, first_ration,
          chequers_ecumenical_altar_simple_redux, lemuel_angel_altar, uniq_ijyb
D:4:      layout_basic, serial_shops, nicolae_shop_behind_doors,
          grunt_decor_fettered, minmay_fractal_squares_diagonal_5,
          uniq_blork_the_orc
D:5:      layout_layer_cave, minmay_temple_entry_wispy, hex_large,
          minmay_manual_macuahuitl, uniq_sigmund
D:6:      layout_cave_pools, serial_gnoll_camp, gnoll_camp_mini_hut,
          gnoll_camp_mini_loothouse, gnoll_camp_huts_moat, gnoll_camp_mini_shop,
          gnoll_camp_mini_house, gnoll_camp_mini_basic, st_stairs_12,
          minmay_between
D:7:      layout_basic, serial_shops, shop, uniq_joseph, uniq_maggie, uniq_pikel
D:8:      layout_cave_pods, erik_lair_island, enter_ossuary_4
Temple:   minmay_temple_bridge_abc

Skill      XL: |  1  2  3  4  5  6  7  8  9 10 |
---------------+-------------------------------+-----
Throwing       | 3 4 |  4.5
Maces & Flails | 1 2 3 5 6 8 10 11 | 11.3
Fighting       | 2 3 4 5 6 7 |  7.3
Stealth        | 1 |  1.3
Invocations    | 2 3 |  3.0
Dodging        | 2 |  2.8
Armour         | 1 |  1.3
Spellcasting   | |  1.2
Hexes          | |  2.6

Action                   |  1- 3 |  4- 6 |  7- 9 | 10-12 || total
-------------------------+-------+-------+-------+-------++-------
Melee: Dagger            |    29 |       |       |       ||    29
       Unarmed           |    13 |       |       |       ||    13
       Mace              |   130 |   285 |   487 |       ||   902
       Giant spiked club |       |       |    33 |   130 ||   163
Throw: Large rock        |     7 |     7 |    12 |       ||    26
       Throwing net      |     2 |     1 |     2 |       ||     5
Invok: Divine Shield     |       |       |       |     1 ||     1
  Use: Scroll            |       |       |    14 |     3 ||    17
       Potion            |       |       |     1 |     2 ||     3
  Eat: Chunk             |     2 |    10 |    17 |     5 ||    34
       Ration            |       |       |     2 |       ||     2
Armor: Robe              |    88 |   163 |   194 |       ||   445
       Swamp dragon scal |       |       |    11 |    55 ||    66
Dodge: Dodged            |   133 |   244 |   475 |   141 ||   993
       Repelled          |       |       |     9 |       ||     9
Block: Other             |       |       |       |    10 ||    10
